 Dungeon Crawl Stone Soup version 0.21-a0-344-g2144152 (webtiles) character file.

1994 Amnesiac the Destroyer (level 9, -6/65 HPs)
             Began as a Gnoll Conjurer on Oct 4, 2017.
             Was a Follower of Ashenzari.
             Mangled by a gnoll
             ... wielding a +0 spear
              (9 damage)
             ... on level 8 of the Dungeon.
             The game lasted 00:12:59 (7569 turns).

Amnesiac the Destroyer (Gnoll Conjurer)             Turns: 7569, Time: 00:13:00

Health: -6/65      AC:  4    Str: 10    XL:     9   Next: 21%
Magic:  2/18       EV: 16    Int: 22    God:    Ashenzari [*.....]
Gold:   521        SH:  5    Dex: 15    Spells: 0/20 levels left

rFire    . . .     SeeInvis .   N - +1 trident (pierce)
rCold    + . .     Gourm    .   q - +0 buckler "Bupem" {rC+}
rNeg     . . .     Faith    .   a - +0 robe
rPois    +         Spirit   .   (no helmet)
rElec    .         Reflect  .   (no cloak)
rCorr    .         Harm     +   k - +0 pair of gloves
MR       .....                  x - +0 pair of boots
Stlth    +++.......             J - amulet of harm (curse)
HPRegen  0.20/turn              w - ring of poison resistance (curse)
MPRegen  0.16/turn              (no ring)

@: no status effects
A: distributed training, fangs 1, strong nose
a: Curse Item, Scrying, Renounce Religion


You were on level 8 of the Dungeon.
You worshipped Ashenzari.
Ashenzari was aware of your devotion.
You were not hungry.

You visited 1 branch of the dungeon, and saw 8 of its levels.

You collected 521 gold pieces.

Inventory:

Hand Weapons
 i - a +2 dagger of speed
 v - a +0 spear of flaming
 A - the +4 Vampire's Tooth {vamp}
   (You found it on level 5 of the Dungeon)

   It inflicts no extra harm, but heals its wielder when it wounds a living foe.
 N - a +1 trident of piercing (weapon)
Missiles
 H - 3 poisoned javelins (quivered)
Armour
 a - a +0 robe (worn)
 k - a +0 pair of gloves (worn)
 q - the +0 buckler "Bupem" (worn) {rC+}
   (You found it on level 4 of the Dungeon)

   It protects you from cold.
 x - a +0 pair of boots (worn)
Jewellery
 t - an uncursed ring of fire
 w - a cursed ring of poison resistance (left hand)
 J - a cursed amulet of harm (around neck)
 K - a cursed ring of flight
Wands
 y - a wand of digging (13/24)
Scrolls
 d - a scroll of amnesia {!r, unknown}
 f - 3 scrolls of fear {!r, unknown}
 h - a scroll of noise {!r, unknown}
 j - a scroll of blinking {!r, unknown}
 l - a scroll of fog {!r, unknown}
 n - 3 scrolls of teleportation {!r, unknown}
 r - 8 scrolls of identify {!r, unknown}
 s - a scroll of remove curse {!r}
 B - a scroll of vulnerability {!r, unknown}
 F - 2 scrolls of immolation {!r, unknown}
 G - 3 scrolls of enchant armour {!r, unknown}
 I - a scroll of holy word {!r, unknown}
Potions
 e - 3 potions of curing {!q}
 g - a potion of agility {!q, unknown}
 m - 2 potions of heal wounds {!q}
 o - a potion of mutation {!q, unknown}
 u - 2 potions of flight {!q, unknown}
 C - a potion of ambrosia {!q, unknown}
 E - 4 potions of haste {!q, unknown}
 L - a potion of invisibility {!q, unknown}
 M - 2 potions of degeneration {!q, unknown}
Books
 b - a book of Geomancy

   Spells                             Type                      Level
   a - Sandblast                      Earth                        1
   b - Passwall                       Transmutation/Earth          2
   c - Stone Arrow                    Conjuration/Earth            3
   d - Petrify                        Transmutation/Earth          4
   e - Lee's Rapid Deconstruction     Earth                        5
Comestibles
 c - 5 bread rations
 p - 4 meat rations
 z - 4 royal jellies
 D - 4 fruits


   Skills:
 + Level 3.9 Fighting
 + Level 3.9 Short Blades
 + Level 3.9 Long Blades
 + Level 3.9 Axes
 + Level 3.9 Maces & Flails
 + Level 3.9 Polearms
 + Level 3.9 Staves
 + Level 3.9 Slings
 + Level 3.9 Bows
 + Level 3.9 Crossbows
 + Level 3.9 Throwing
 + Level 3.9 Armour
 + Level 6.1 Dodging
 + Level 5.8 Stealth
 + Level 3.9 Shields
 + Level 3.9 Unarmed Combat
 + Level 6.4 Spellcasting
 + Level 9.4 Conjurations
 + Level 3.9 Hexes
 + Level 3.9 Charms
 + Level 3.9 Summonings
 + Level 3.9 Necromancy
 + Level 3.9 Translocations
 + Level 3.9 Transmutations
 + Level 3.9 Fire Magic
 + Level 3.9 Ice Magic
 + Level 3.9 Air Magic
 + Level 3.9 Earth Magic
 + Level 3.9 Poison Magic
 + Level 3.9 Invocations
 + Level 3.9 Evocations


You couldn't memorise any spells.
You knew the following spells:

 Your Spells              Type           Power        Failure   Level  Hunger
a - Magic Dart            Conj           ####         1%          1    None
b - Passwall              Tmut/Erth      ###.......   2%          2    None
c - Force Lance           Conj/Tloc      #####...     5%          4    ###....
d - Lee's Rapid Deconstr  Erth           ###.......   43%         5    #####..
e - Petrify               Tmut/Erth      ###.....     17%         4    ###....
s - Fulminant Prism       Conj/Hex       #####.....   5%          4    ###....


Dungeon Overview and Level Annotations

Branches:
Dungeon (8/15)             Temple (0/1) D:7
   Lair: D:8-11

Altars:
Ashenzari
Fedhas
Hepliaklqana
Okawaru
Uskayaw
Vehumet
Xom


Innate Abilities, Weirdness & Mutations

Your experience applies equally to all skills.
You have very sharp teeth.
Your uncanny sense of smell can sniff out nearby items.


Message History

You reach to attack!
You hit the gnoll.
You kill the gnoll!
Attack whom?
Press: ? - help, Dir - move target cursor, f - eye of draining
Aim: an eye of draining You reach to attack!
You puncture the eye of draining!
The eye of draining is moderately wounded.
The eye of draining gazes at you.
You feel your power leaking away.
Attack whom?
Press: ? - help, Dir - move target cursor, p - eye of draining
Okay, then.
You hit the eye of draining.
The eye of draining is moderately wounded.
The orc shouts!
You hit the eye of draining but do no damage.
You bite the eye of draining, but do no damage.
The eye of draining is moderately wounded.
The eye of draining gazes at you.
You feel your power leaking away.
You hit the eye of draining.
The eye of draining is heavily wounded.
You hit the eye of draining.
The eye of draining is severely wounded.
The eye of draining gazes at you.
You puncture the eye of draining!
You kill the eye of draining!
The gnoll closely misses you. The orc closely misses you.
You barely miss the orc. The gnoll completely misses you.
The orc completely misses you.
You hit the orc.
The orc is almost dead.
You block the gnoll's attack. The orc misses you.
You completely miss the orc.
The orc is almost dead.
The gnoll hits you from afar with a spear!
* * * LOW HITPOINT WARNING * * *
The orc hits you but does no damage.
The gnoll hits you from afar with a spear.
* * * LOW HITPOINT WARNING * * *
You barely miss the orc. You bite the orc.
You kill the orc!
You block the gnoll's attack.
Attack whom?
Press: ? - help, Dir - move target cursor, f - gnoll
Aim: a gnoll, wielding a spear You reach to attack!
You hit the gnoll.
The gnoll is moderately wounded.
The gnoll closely misses you.
Attack whom?
Press: ? - help, Dir - move target cursor, f/p - gnoll
Aim: a gnoll, wielding a spear (moderately wounded)
You reach to attack!
You hit the gnoll.
The gnoll is heavily wounded.
The gnoll hits you from afar with a spear!
* * * LOW HITPOINT WARNING * * *
Attack whom?
Press: ? - help, Dir - move target cursor, f/p - gnoll
Aim: a gnoll, wielding a spear (heavily wounded)
You reach to attack!
You hit the gnoll but do no damage.
The gnoll is heavily wounded.
The gnoll hits you from afar with a spear!
You die...

......####.......... #
#..................
.#####...##.....#)###)##
....#......[....#.# #.##
#.#.............#.###...
#.##.....)...).....#.(.#
#.##.g.....).().#.......
####.##...)..<........##.##
....{#.#.@.##((.).#..##.##
#..#.########(.%##..#.##
#..).##...............##
#.####..###...........
#..g.g.## #..?........
#..##### #.......... ####
##########. ∆


You could see a gnoll.

Vanquished Creatures
  A hippogriff (D:7)
  Menkaure (D:5)
  An orc warrior (D:8)
  An eye of draining (D:8)
  2 ogres
  2 bullfrogs
  A jelly (D:6)
  4 scorpions
  2 vampire bats (D:5)
  A bullfrog zombie (D:8)
  2 hounds
  4 orc priests
  A bullfrog skeleton (D:4)
  3 centaur skeletons
  An iguana (D:5)
  Ijyb (D:5)
  3 orc wizards
  5 worker ants
  A killer bee zombie (D:8)
  2 hound skeletons
  7 gnolls
  2 howler monkey skeletons
  2 adders
  2 oozes
  5 worms
  2 dart slugs
  3 leopard geckos
  31 orcs
  3 giant cockroaches
  16 goblins
  13 hobgoblins
  17 jackals
  4 quokkas
  A ball python (D:2)
  13 bats
  6 frilled lizards
  5 kobolds
  A quokka skeleton (D:4)
  7 rats
179 creatures vanquished.

Vanquished Creatures (others)
  9 fulminant prisms
9 creatures vanquished.

Grand Total: 188 creatures vanquished

Notes
Turn   | Place    | Note
-------+----------+-------------------------------------------
     0 | D:1      | Amnesiac the Gnoll Conjurer began the quest for the Orb.
     0 | D:1      | Reached XP level 1. HP: 13/13 MP: 6/6
    55 | D:1      | Reached XP level 2. HP: 17/19 MP: 0/7
   273 | D:3      | Found a shimmering altar of Xom.
   274 | D:3      | Found a hazy altar of Hepliaklqana.
   275 | D:3      | Noticed a spectral ugly thing
   335 | D:2      | Reached XP level 3. HP: 25/25 MP: 5/9
   355 | D:3      | Reached skill level 5 in Spellcasting
   631 | D:3      | Reached skill level 1 in Fighting
   631 | D:3      | Reached skill level 1 in Short Blades
   631 | D:3      | Reached skill level 1 in Long Blades
   631 | D:3      | Reached skill level 1 in Axes
   631 | D:3      | Reached skill level 1 in Maces & Flails
   631 | D:3      | Reached skill level 1 in Polearms
   631 | D:3      | Reached skill level 1 in Staves
   631 | D:3      | Reached skill level 1 in Slings
   631 | D:3      | Reached skill level 1 in Bows
   631 | D:3      | Reached skill level 1 in Crossbows
   631 | D:3      | Reached skill level 1 in Throwing
   631 | D:3      | Reached skill level 1 in Armour
   631 | D:3      | Reached skill level 1 in Shields
   631 | D:3      | Reached skill level 1 in Unarmed Combat
   631 | D:3      | Reached skill level 1 in Hexes
   631 | D:3      | Reached skill level 1 in Charms
   631 | D:3      | Reached skill level 1 in Summonings
   631 | D:3      | Reached skill level 1 in Necromancy
   631 | D:3      | Reached skill level 1 in Translocations
   631 | D:3      | Reached skill level 1 in Transmutations
   631 | D:3      | Reached skill level 1 in Fire Magic
   631 | D:3      | Reached skill level 1 in Ice Magic
   631 | D:3      | Reached skill level 1 in Air Magic
   631 | D:3      | Reached skill level 1 in Earth Magic
   631 | D:3      | Reached skill level 1 in Poison Magic
   631 | D:3      | Reached skill level 1 in Invocations
   631 | D:3      | Reached skill level 1 in Evocations
   631 | D:3      | Reached XP level 4. HP: 25/32 MP: 1/11
   640 | D:3      | Learned a level 4 spell: Fulminant Prism
   763 | D:5      | Entered Level 5 of the Dungeon
   763 | D:5      | Found a blossoming altar of Fedhas.
   819 | D:4      | Got a jewelled buckler
   828 | D:4      | Identified the +0 buckler "Bupem" {rC+} (You found it on level 4 of the Dungeon)
   865 | D:4      | Reached XP level 5. HP: 37/37 MP: 0/12
  1034 | D:4      | Found a radiant altar of Vehumet.
  1078 | D:4      | Reached XP level 6. HP: 44/44 MP: 6/13
  1131 | D:4      | Learned a level 4 spell: Force Lance
  1331 | D:4      | Reached skill level 5 in Dodging
  1908 | D:4      | Reached XP level 7. HP: 50/50 MP: 4/15
  1978 | D:5      | Noticed Ijyb
  2138 | D:5      | Killed Ijyb
  2697 | D:5      | Reached skill level 5 in Stealth
  2697 | D:5      | Reached skill level 9 in Conjurations
  2935 | D:5      | Found the +4 Vampire's Tooth {vamp}
  2941 | D:5      | Reached XP level 8. HP: 48/57 MP: 10/16
  3028 | D:5      | Noticed Menkaure
  3036 | D:5      | Killed Menkaure
  3110 | D:5      | Found a hide-covered altar of Uskayaw.
  4168 | D:6      | Found a shattered altar of Ashenzari.
  4174 | D:6      | Became a worshipper of Ashenzari the Shackled
  5060 | D:2      | Found a faded altar of an unknown god.
  6249 | D:3      | Reached * piety under Ashenzari
  6685 | D:7      | Found a staircase to the Ecumenical Temple.
  6723 | D:7      | Found an iron altar of Okawaru.
  6786 | D:7      | Noticed a hippogriff
  6794 | D:7      | Killed a hippogriff
  7040 | D:8      | Reached XP level 9. HP: 35/65 MP: 0/18
  7405 | D:7      | Learned a level 2 spell: Passwall
  7410 | D:7      | Learned a level 4 spell: Petrify
  7416 | D:7      | Learned a level 5 spell: Lee's Rapid Deconstruction
  7568 | D:8      | HP: 3/65 [gnoll/spear (9)]
  7569 | D:8      | Mangled by a gnoll

Vault maps used:
D:1:      noname_arrival_rooms_in_the_neighbourhood, kennysheep_another_room
D:2:      chequers_ecumenical_altar_island
D:3:      regret_index_temple_of_mockery, first_bread
D:4:      kennysheep_small_circle
D:5:      cheibrodos_quashed, eat_drink_and_be_merry_uskayaw,
          old_standard_altar, minmay_guarded_unrand_vampires_tooth, uniq_ijyb,
          uniq_menkaure
D:6:      basic_altar
D:7:      minmay_temple_entry_overgrown, okawaru_trees_1
D:8:      special_room

Skill      XL: |  1  2  3  4  5  6  7  8 |
---------------+-------------------------+-----
Spellcasting   | 5 6 |  6.4
Fighting       | 1 2 3 |  3.9
Short Blades   | 1 2 3 |  3.9
Long Blades    | 1 2 3 |  3.9
Axes           | 1 2 3 |  3.9
Maces & Flails | 1 2 3 |  3.9
Polearms       | 1 2 3 |  3.9
Staves         | 1 2 3 |  3.9
Slings         | 1 2 3 |  3.9
Bows           | 1 2 3 |  3.9
Crossbows      | 1 2 3 |  3.9
Throwing       | 1 2 3 |  3.9
Armour         | 1 2 3 |  3.9
Shields        | 1 2 3 |  3.9
Unarmed Combat | 1 2 3 |  3.9
Hexes          | 1 2 3 |  3.9
Charms         | 1 2 3 |  3.9
Summonings     | 1 2 3 |  3.9
Necromancy     | 1 2 3 |  3.9
Translocations | 1 2 3 |  3.9
Transmutations | 1 2 3 |  3.9
Fire Magic     | 1 2 3 |  3.9
Ice Magic      | 1 2 3 |  3.9
Air Magic      | 1 2 3 |  3.9
Earth Magic    | 1 2 3 |  3.9
Poison Magic   | 1 2 3 |  3.9
Invocations    | 1 2 3 |  3.9
Evocations     | 1 2 3 |  3.9
Dodging        | 5 6 |  6.1
Stealth        | 5 |  5.8
Conjurations   | 9 |  9.4

Action                   |  1- 3 |  4- 6 |  7- 9 || total
-------------------------+-------+-------+-------++-------
Melee: Unarmed           |    14 |       |       ||    14
       Dagger            |       |    29 |    53 ||    82
       Bite              |       |     5 |    16 ||    21
       Trident           |       |       |    46 ||    46
 Cast: Magic Dart        |    62 |    83 |   269 ||   414
       Fulminant Prism   |       |     2 |     7 ||     9
       Force Lance       |       |       |     8 ||     8
Invok: Curse Item        |       |       |     2 ||     2
  Use: Potion            |       |       |     3 ||     3
 Stab: Sleeping          |       |     2 |     3 ||     5
  Eat: Chunk             |       |     3 |    14 ||    17
       Meat ration       |       |       |     1 ||     1
Armor: Robe              |     3 |     3 |    20 ||    26
Dodge: Dodged            |    27 |    28 |   125 ||   180
Block: Buckler           |       |     6 |    34 ||    40

Table legend:
 A = Spawn XP
 B = Non-spawn XP
 C = Spawn XP percentage of total XP
 D = Spawn monster count
 E = Non-spawn monster count
 F = Spawn count percentage of total count
 G = Total turns spent on level
                    A         B        C        D         E        F      G
               +---------+---------+-------+---------+---------+-------+---------
         Total |       0 |    2849 |   0.0 |       0 |     179 |   0.0 |  7569
               +---------+---------+-------+---------+---------+-------+---------
           D:1 |       0 |      47 |   0.0 |       0 |      28 |   0.0 |   723
           D:2 |       0 |      57 |   0.0 |       0 |      24 |   0.0 |   723
           D:3 |       0 |     122 |   0.0 |       0 |      32 |   0.0 |  1335
           D:4 |       0 |     553 |   0.0 |       0 |      21 |   0.0 |  1096
           D:5 |       0 |     809 |   0.0 |       0 |      39 |   0.0 |  1686
           D:6 |       0 |     106 |   0.0 |       0 |       3 |   0.0 |   801
           D:7 |       0 |     569 |   0.0 |       0 |       7 |   0.0 |   960
           D:8 |       0 |     586 |   0.0 |       0 |      25 |   0.0 |   245
               +---------+---------+-------+---------+---------+-------+---------
